| TOP OF THE 1ST |
|
Indianapolis Indians batting - Pitching for Omaha Storm Chasers : LHP Brad Havens
|
|
Pitching: LHP Brad Havens
|
|
|
Batting: LHB Kevin Schoendienst
|
0-0: Swinging Strike 0-1: Ball 1-1: Foul Ball, location: 2F 1-2: Ball 2-2: Strikes out swinging
|
|
Batting: RHB Steven Campbell
|
0-0: Called Strike 0-1: Ball 1-1: Called Strike 1-2: Strikes out looking
|
|
Batting: RHB Luis Gonzalez
|
0-0: Fly out, F3 (Line Drive, 3, EV 75.6 MPH)
|
| Top of the 1st over - 0 runs, 0 hits, 0 errors, 0 left on base; Indianapolis 0 - Omaha 0 |
| BOTTOM OF THE 1ST |
|
Omaha Storm Chasers batting - Pitching for Indianapolis Indians : RHP Andrew Muhlstock
|
|
Pitching: RHP Andrew Muhlstock
|
|
|
Batting: RHB Jay Schellin
|
0-0: Ball 1-0: SINGLE (Line Drive, 9LS, EV 96.3 MPH)
|
|
Batting: SHB Rafael Landestoy
|
0-0: Ball 1-0: Fly out, F9 (Line Drive, 9, EV 91.3 MPH)
|
|
Batting: RHB Don Money
|
0-0: Called Strike 0-1: Ball 1-1: SINGLE (Groundball, 6D, EV 96.3 MPH) Jay Schellin to second
|
|
Batting: LHB Mike LaValliere
|
0-0: Fielders Choice at 2nd, 3-6 (Groundball, 3S, EV 94.4 MPH) Jay Schellin to third
|
|
Batting: LHB Andy Carlton
|
0-0: Ball 1-0: Fly out, F7 (Flyball, 78S, EV 80.0 MPH)
|
| Bottom of the 1st over - 0 runs, 2 hits, 0 errors, 2 left on base; Indianapolis 0 - Omaha 0 |
| TOP OF THE 2ND |
|
Indianapolis Indians batting - Pitching for Omaha Storm Chasers : LHP Brad Havens
|
|
Batting: RHB Pat Rooney
|
0-0: Ball 1-0: Ball 2-0: Ball 3-0: Base on Balls
|
|
Batting: LHB Roberto Ruiz
|
0-0: Ball 1-0: Called Strike 1-1: Foul Ball, location: 2F 1-2: Strikes out swinging
|
|
Batting: RHB Robert Bonnette
|
0-0: Ball 1-0: Grounds into double play, 4-6-3 (Groundball, 4, EV 90.6 MPH)
|
| Top of the 2nd over - 0 runs, 0 hits, 0 errors, 0 left on base; Indianapolis 0 - Omaha 0 |
| BOTTOM OF THE 2ND |
|
Omaha Storm Chasers batting - Pitching for Indianapolis Indians : RHP Andrew Muhlstock
|
|
Batting: RHB Eddie Gates
|
0-0: Fly out, F9 (Flyball, 9LD, EV 91.9 MPH)
|
|
Batting: SHB Larry Bowa
|
0-0: Ground out U3 (Groundball, 34S, EV 79.4 MPH)
|
|
Batting: RHB Mike Allport
|
0-0: Called Strike 0-1: Ground out 6-3 (Groundball, 6, EV 105.0 MPH)
|
| Bottom of the 2nd over - 0 runs, 0 hits, 0 errors, 0 left on base; Indianapolis 0 - Omaha 0 |
| TOP OF THE 3RD |
|
Indianapolis Indians batting - Pitching for Omaha Storm Chasers : LHP Brad Havens
|
|
Batting: RHB Bill Lindsey
|
0-0: Called Strike 0-1: Ball 1-1: Ball 2-1: SINGLE (Line Drive, 4D, EV 106.3 MPH)
|
|
Batting: LHB David Bertulli
|
0-0: SINGLE (Line Drive, 78S, EV 95.0 MPH) Bill Lindsey to second
|
|
Batting: RHB Frank Estrada
|
0-0: Ball 1-0: Grounds into double play, 5-4-3 (Groundball, 5, EV 82.5 MPH) Bill Lindsey to third
|
|
Batting: LHB Kevin Schoendienst
|
0-0: Called Strike 0-1: Ball 1-1: Swinging Strike 1-2: Strikes out swinging
|
| Top of the 3rd over - 0 runs, 2 hits, 0 errors, 1 left on base; Indianapolis 0 - Omaha 0 |
| BOTTOM OF THE 3RD |
|
Omaha Storm Chasers batting - Pitching for Indianapolis Indians : RHP Andrew Muhlstock
|
|
Batting: RHB Odie Davis
|
0-0: Fly out, F8 (Line Drive, 8RD, EV 91.3 MPH)
|
|
Batting: RHB Jay Schellin
|
0-0: Ground out 4-3 (Groundball, 4, EV 89.4 MPH)
|
|
Batting: SHB Rafael Landestoy
|
0-0: Ball 1-0: Ball 2-0: Fly out, F9 (Flyball, 9, EV 89.4 MPH)
|
| Bottom of the 3rd over - 0 runs, 0 hits, 0 errors, 0 left on base; Indianapolis 0 - Omaha 0 |
| TOP OF THE 4TH |
|
Indianapolis Indians batting - Pitching for Omaha Storm Chasers : LHP Brad Havens
|
|
Batting: RHB Steven Campbell
|
0-0: Foul Ball, location: 2F 0-1: Foul Ball, location: 2F 0-2: Ball 1-2: Ball 2-2: Ball 3-2: Strikes out swinging
|
|
Batting: RHB Luis Gonzalez
|
0-0: Ball 1-0: SINGLE (Groundball, 56D, EV 98.1 MPH)
|
|
Batting: RHB Pat Rooney
|
0-0: Called Strike 0-1: Ball 1-1: Foul Ball, location: 2F 1-2: Ball 2-2: Foul Ball, location: 2F 2-2: Foul Ball, location: 2F 2-2: Strikes out looking
|
|
Batting: LHB Roberto Ruiz
|
0-0: Called Strike 0-1: Swinging Strike 0-2: Strikes out swinging
|
| Top of the 4th over - 0 runs, 1 hit, 0 errors, 1 left on base; Indianapolis 0 - Omaha 0 |
| BOTTOM OF THE 4TH |
|
Omaha Storm Chasers batting - Pitching for Indianapolis Indians : RHP Andrew Muhlstock
|
|
Batting: RHB Don Money
|
0-0: Foul Ball, location: 2F 0-1: Ball 1-1: Foul Ball, location: 2F 1-2: Ball 2-2: Fly out, F7 (Flyball, 7LD, EV 105.0 MPH)
|
|
Batting: LHB Mike LaValliere
|
0-0: Ball 1-0: SINGLE (Line Drive, 89M, EV 101.9 MPH)
|
|
Batting: LHB Andy Carlton
|
0-0: Called Strike 0-1: Ball 1-1: Ball 2-1: Foul Ball, location: 2F 2-2: Foul Ball, location: 2F 2-2: Fielders Choice at 2nd, 6-4 (Groundball, 6, EV 103.8 MPH)
|
|
Batting: RHB Eddie Gates
|
0-0: Ground out 5-3 (Groundball, 56S, EV 89.4 MPH)
|
| Bottom of the 4th over - 0 runs, 1 hit, 0 errors, 1 left on base; Indianapolis 0 - Omaha 0 |
| TOP OF THE 5TH |
|
Indianapolis Indians batting - Pitching for Omaha Storm Chasers : LHP Brad Havens
|
|
Batting: RHB Robert Bonnette
|
0-0: Ball 1-0: Ball 2-0: Called Strike 2-1: Ball 3-1: Fly out, F7 (Flyball, 7D, EV 98.1 MPH)
|
|
Batting: RHB Bill Lindsey
|
0-0: Called Strike 0-1: SINGLE (Groundball, 6MD, EV 105.6 MPH)
|
|
Batting: LHB David Bertulli
|
0-0: Ball 1-0: Ball 2-0: Called Strike 2-1: Fielders Choice at 2nd, 6-4 (Groundball, 6M, EV 79.4 MPH)
|
|
Batting: RHB Frank Estrada
|
0-0: Swinging Strike 0-1: Ground out 4-3 (Groundball, 4, EV 108.8 MPH)
|
| Top of the 5th over - 0 runs, 1 hit, 0 errors, 1 left on base; Indianapolis 0 - Omaha 0 |
| BOTTOM OF THE 5TH |
|
Omaha Storm Chasers batting - Pitching for Indianapolis Indians : RHP Andrew Muhlstock
|
|
Batting: SHB Larry Bowa
|
0-0: Foul Ball, location: 2F 0-1: Swinging Strike 0-2: Strikes out looking
|
|
Batting: RHB Mike Allport
|
0-0: Ball 1-0: Ball 2-0: Swinging Strike 2-1: Ball 3-1: Swinging Strike 3-2: Strikes out swinging passed ball, reaches first!
|
|
Batting: RHB Odie Davis
|
0-0: Ball 1-0: Foul Ball, location: 2F 1-1: Ball 2-1: Ball 3-1: SINGLE (Groundball, 34, EV 103.1 MPH) Mike Allport to second Runner from 2nd tries for 3rd, SAFE, throw by RF made to third
|
|
Batting: RHB Jay Schellin
|
0-0: Ball Odie Davis steals 2nd base 1-0: Called Strike 1-1: Fly out, F8 (Flyball, 8RM, EV 90.6 MPH) Runner from 3rd tags up, SCORES, throw by CF
|
|
Batting: SHB Rafael Landestoy
|
0-0: Called Strike 0-1: Foul Ball, location: 2F 0-2: Strikes out swinging
|
| Bottom of the 5th over - 1 run, 1 hit, 0 errors, 1 left on base; Indianapolis 0 - Omaha 1 |
| TOP OF THE 6TH |
|
Indianapolis Indians batting - Pitching for Omaha Storm Chasers : LHP Brad Havens
|
|
Batting: LHB Kevin Schoendienst
|
0-0: Called Strike 0-1: Ball 1-1: SINGLE (Groundball, 4M, EV 98.1 MPH) (infield hit)
|
|
Batting: RHB Steven Campbell
|
0-0: Ball 1-0: Bunt missed! 1-1: Bunted foul 1-2: Grounds into double play, 4-6-3 (Groundball, 4, EV 88.8 MPH)
|
|
Batting: RHB Luis Gonzalez
|
0-0: Ball 1-0: Ball 2-0: Ball 3-0: Base on Balls
|
|
Batting: RHB Pat Rooney
|
0-0: Reached on error, E8 (Flyball, 8LS, EV 90.6 MPH) Luis Gonzalez to third
|
|
Batting: LHB Roberto Ruiz
|
0-0: Called Strike 0-1: Ball 1-1: Called Strike 1-2: Ground out 4-3 (Groundball, 34, EV 86.3 MPH)
|
| Top of the 6th over - 0 runs, 1 hit, 1 error, 2 left on base; Indianapolis 0 - Omaha 1 |
| BOTTOM OF THE 6TH |
|
Omaha Storm Chasers batting - Pitching for Indianapolis Indians : RHP Andrew Muhlstock
|
|
Batting: RHB Don Money
|
0-0: Ball 1-0: Foul Ball, location: 2F 1-1: Ball 2-1: Ground out 4-3 (Groundball, 4S, EV 82.5 MPH)
|
|
Batting: LHB Mike LaValliere
|
0-0: Ball 1-0: Swinging Strike 1-1: Ball 2-1: Ground out 5-3 (Groundball, 5L, EV 85.0 MPH)
|
|
Batting: LHB Andy Carlton
|
0-0: Foul Ball, location: 2F 0-1: Ball 1-1: Fly out, F7 (Flyball, 7LM, EV 101.9 MPH)
|
| Bottom of the 6th over - 0 runs, 0 hits, 0 errors, 0 left on base; Indianapolis 0 - Omaha 1 |
| TOP OF THE 7TH |
|
Indianapolis Indians batting - Pitching for Omaha Storm Chasers : LHP Brad Havens
|
|
Batting: RHB Robert Bonnette
|
0-0: Ball 1-0: Swinging Strike 1-1: Ball 2-1: Ground out 5-3 (Groundball, 5L, EV 103.1 MPH)
|
|
Batting: RHB Bill Lindsey
|
0-0: Ball 1-0: Ball 2-0: Ball 3-0: Swinging Strike 3-1: Foul Ball, location: 2F 3-2: Foul Ball, location: 2F 3-2: Strikes out swinging
|
|
Batting: LHB David Bertulli
|
0-0: Ground out 4-3 (Groundball, 4, EV 104.4 MPH)
|
| Top of the 7th over - 0 runs, 0 hits, 0 errors, 0 left on base; Indianapolis 0 - Omaha 1 |
| BOTTOM OF THE 7TH |
|
Omaha Storm Chasers batting - Pitching for Indianapolis Indians : RHP Andrew Muhlstock
|
|
Batting: RHB Eddie Gates
|
0-0: Called Strike 0-1: Swinging Strike 0-2: Ball 1-2: Foul Ball, location: 2F 1-2: Ball 2-2: Fly out, F9 (Flyball, 9D, EV 91.3 MPH)
|
|
Batting: SHB Larry Bowa
|
0-0: Ball 1-0: Called Strike 1-1: Fly out, F9 (Flyball, 89D, EV 96.9 MPH)
|
|
Batting: RHB Mike Allport
|
0-0: Foul Ball, location: 2F 0-1: Ball 1-1: Ball 2-1: Ground out 4-3 (Groundball, 4, EV 83.8 MPH)
|
| Bottom of the 7th over - 0 runs, 0 hits, 0 errors, 0 left on base; Indianapolis 0 - Omaha 1 |
| TOP OF THE 8TH |
|
Indianapolis Indians batting - Pitching for Omaha Storm Chasers : LHP Brad Havens
|
|
Batting: RHB Frank Estrada
|
0-0: Ground out 6-3 (Groundball, 6, EV 98.8 MPH)
|
|
Batting: LHB Kevin Schoendienst
|
0-0: Called Strike 0-1: Called Strike 0-2: Strikes out looking
|
|
Batting: RHB Steven Campbell
|
0-0: Called Strike 0-1: Foul Ball, location: 2F 0-2: Ball 1-2: Foul Ball, location: 2F 1-2: Ball 2-2: Ball 3-2: Ground out 6-3 (Groundball, 6S, EV 65.0 MPH)
|
| Top of the 8th over - 0 runs, 0 hits, 0 errors, 0 left on base; Indianapolis 0 - Omaha 1 |
| BOTTOM OF THE 8TH |
|
Omaha Storm Chasers batting - Pitching for Indianapolis Indians : RHP Andrew Muhlstock
|
|
Batting: RHB Odie Davis
|
0-0: Ground out 5-3 (Groundball, 5S, EV 86.9 MPH)
|
|
Batting: RHB Jay Schellin
|
0-0: Called Strike 0-1: Ball 1-1: Foul Ball, location: 2F 1-2: Foul Ball, location: 2F 1-2: Foul Ball, location: 2F 1-2: Ground out 5-3 (Groundball, 56S, EV 80.0 MPH)
|
|
Batting: SHB Rafael Landestoy
|
0-0: Foul Ball, location: 2F 0-1: Ball 1-1: SINGLE (Groundball, 34D, EV 102.5 MPH)
|
|
Batting: RHB Don Money
|
0-0: Called Strike 0-1: Ball 1-1: Swinging Strike 1-2: Ball 2-2: Strikes out swinging
|
| Bottom of the 8th over - 0 runs, 1 hit, 0 errors, 1 left on base; Indianapolis 0 - Omaha 1 |
| TOP OF THE 9TH |
|
Indianapolis Indians batting - Pitching for Omaha Storm Chasers : LHP Brad Havens
|
|
Batting: RHB Luis Gonzalez
|
0-0: Ball 1-0: SOLO HOME RUN (Flyball, 7D, EV 110.0 MPH), Distance : 395 ft
|
|
Batting: RHB Pat Rooney
|
0-0: Ball 1-0: Ball 2-0: Called Strike 2-1: Ball 3-1: Swinging Strike 3-2: Strikes out swinging
|
|
Pinch Hitting: RHB Tracy Cowger
|
0-0: Called Strike 0-1: Ball 1-1: Called Strike 1-2: Strikes out swinging
|
|
Batting: RHB Robert Bonnette
|
0-0: Ball 1-0: Ball 2-0: Called Strike 2-1: SOLO HOME RUN (Flyball, 7LD, EV 104.4 MPH), Distance : 341 ft
|
|
Batting: RHB Bill Lindsey
|
0-0: Ball 1-0: Called Strike 1-1: Ball 2-1: Fly out, F9 (Flyball, 9D, EV 96.9 MPH)
|
| Top of the 9th over - 2 runs, 2 hits, 0 errors, 0 left on base; Indianapolis 2 - Omaha 1 |
| BOTTOM OF THE 9TH |
|
Omaha Storm Chasers batting - Pitching for Indianapolis Indians : RHP Andrew Muhlstock
|
|
Pitching: LHP Lee Guetterman
|
|
|
Now at 3B: Juan Bernhardt
|
|
|
Now in CF: Jose Oppenheimer
|
|
|
Pinch Hitting: RHB Al Minker
|
0-0: Swinging Strike 0-1: Ball 1-1: Called Strike 1-2: Foul Ball, location: 2F 1-2: Ball 2-2: Ball 3-2: DOUBLE (Line Drive, 8LXD, EV 111.3 MPH)
|
|
Pinch Hitting: RHB Brian David
|
0-0: Foul Ball, location: 2F 0-1: Ball 1-1: Fly out, F8 (Flyball, 8LD, EV 103.1 MPH)
|
|
Batting: RHB Eddie Gates
|
0-0: Called Strike 0-1: SINGLE (Groundball, 56, EV 98.1 MPH) Al Minker to third Runner from 3rd tries for Home, SAFE, throw by LF to home Eddie Gates to second
|
|
Batting: SHB Larry Bowa
|
0-0: SINGLE (Line Drive, 9LS, EV 103.8 MPH) Eddie Gates to third
|
|
Batting: RHB Mike Allport
|
0-0: SINGLE (Groundball, 34, EV 84.4 MPH) (infield hit) Eddie Gates scores
|
| Bottom of the 9th over - 2 runs, 4 hits, 0 errors, 0 left on base; Indianapolis 2 - Omaha 3 |
|